 Dungeon Crawl Stone Soup version 0.28.0 (webtiles) character file.

Game seed: 4456449554265364411

157762 browni3141 the Hoplite (level 16, -7/151 HPs)
             Began as a Minotaur Berserker on Feb 16, 2022.
             Was an Elder of Trog.
             Mangled by a snapping turtle (16 damage)
             ... on level 3 of the Shoals.
             The game lasted 00:24:48 (28389 turns).

browni3141 the Hoplite (Minotaur Berserker)        Turns: 28389, Time: 00:24:49

Health: -7/151     AC: 28    Str: 35    XL:     16   Next: 85%
Magic:  15/15      EV:  9    Int:  1    God:    Trog [****..]
Gold:   1704       SH: 23    Dex: 15    Spells: 15/15 levels left

rFire   . . .      SeeInvis +   x - +6 war axe (vorpal)
rCold   . . .      Faith    .   P - +0 tower shield
rNeg    + . .      Spirit   .   t - +5 plate armour of Nemelex Xobeh {Str+7 Int-3}
rPois   +          Reflect  .   M - +1 hat of the Eight Boll Weevils {Rampage Str-2 Dex+3}
rElec   .          Harm     .   C - scarf {repulsion}
rCorr   .          Rampage  +   z - +1 pair of gloves
Will    +++..                   N - +1 pair of boots
Stlth   ..........              (no amulet)
HPRegen 1.35/turn               u - ring of poison resistance
MPRegen 0.14/turn               y - ring "Ixkotrou" {rN+ Dex+2 SInv Stlth+}

@: lethally poisoned (-7 -> -7), engulfed (cannot breathe), strong-willed,
mesmerised, regenerating, repel missiles
A: horns 2, retaliatory headbutt
}: 1/15 runes: serpentine
a: Renounce Religion, Berserk, Trog's Hand, Brothers in Arms


You were on level 3 of the Shoals.
You worshipped Trog.
Trog was greatly pleased with you.
You visited 5 branches of the dungeon, and saw 29 of its levels.
You also visited: Ossuary.

You collected 2833 gold pieces.
You spent 1129 gold pieces at shops.

Inventory:

Hand Weapons
 x - a +6 vorpal war axe (weapon)
 S - a +1 vampiric war axe
Missiles
 e - 4 throwing nets (quivered)
 W - 6 curare-tipped darts
Armour
 t - the +5 plate armour of Nemelex Xobeh (worn) {Str+7 Int-3}
   (You bought it in a shop on level 2 of the Orcish Mines)

   Str:       It affects your strength (+7).
   Int:       It affects your intelligence (-3).
 z - a +1 pair of gloves (worn)
 C - a scarf of repulsion (worn)
 M - the +1 hat of the Eight Boll Weevils (worn) {Rampage Str-2 Dex+3}
   (You bought it in a shop on level 2 of the Orcish Mines)

   Str:       It affects your strength (-2).
   Dex:       It affects your dexterity (+3).
   Rampage:   It bestows one free step when moving towards enemies.
 N - a +1 pair of boots (worn)
 P - a +0 tower shield (worn)
Jewellery
 a - a ring of magical power
 b - a +4 ring of evasion
 u - a ring of poison resistance (left hand)
 y - the ring "Ixkotrou" (right hand) {rN+ Dex+2 SInv Stlth+}
   (You found it on level 6 of the Dungeon)

   [ring of see invisible]

   Dex:       It affects your dexterity (+2).
   rN:        It protects you from negative energy.
   SInv:      It lets you see invisible.
   Stlth:     It makes you more stealthy.
 B - a ring of fire
 D - a ring of magical power
 E - a ring of ice
 F - a ring of willpower
 O - an amulet of magic regeneration
Wands
 q - a wand of flame (81)
 v - a wand of acid (10)
 w - a wand of iceblast (13)
 H - a wand of polymorph (28)
 R - a wand of paralysis (17)
Scrolls
 c - a scroll of holy word
 f - 2 scrolls of brand weapon
 j - 5 scrolls of vulnerability
 k - 2 scrolls of magic mapping
 n - 5 scrolls of fog
 o - 7 scrolls of blinking
 p - 4 scrolls of teleportation
 r - 2 scrolls of enchant weapon
 A - 2 scrolls of immolation
 K - 4 scrolls of fear
 Q - a scroll of silence
 U - a scroll of summoning
 V - 5 scrolls of amnesia
 X - a scroll of noise
Potions
 d - 2 potions of heal wounds
 g - 2 potions of cancellation
 h - 10 potions of curing
 i - 5 potions of lignification
 l - a potion of ambrosia
 m - 5 potions of haste
 s - 2 potions of magic
 G - 5 potions of degeneration
 I - 2 potions of attraction
 J - 3 potions of berserk rage
 L - 4 potions of might
 T - 2 potions of mutation
 Y - 2 potions of flight
 Z - 2 potions of invisibility {unknown}


   Skills:
 + Level 15.8 Fighting
 - Level 16.0 Axes
 + Level 15.6 Armour
 - Level 2.1 Dodging
 * Level 22.9 Shields
 - Level 8.0 Evocations


You had 15 spell levels left.
You didn't know any spells.
Your spell library was empty.

Dungeon Overview and Level Annotations

Branches:
Dungeon (14/15)            Temple (0/1) D:6            Lair (6/6) D:10
 Shoals (3/4) Lair:4        Snake (4/4) Lair:3        Slime (0/5) Lair:5
    Orc (2/2) D:11            Elf (0/3) Orc:2        Vaults (0/5) D:14
Ossuary (visited)

Altars:
Elyvilon
Gozag
Hepliaklqana
Kikubaaqudgha
Makhleb
Nemelex Xobeh
Qazlal
Sif Muna
Trog
Uskayaw
Vehumet
Yredelemnul
Zin
Beogh
Jiyva

Shops:
D:2 *!*[   D:8 *   D:13 *   Orc:1 (   Orc:2 :[*(

Portals:
Ice
Cave: Shoals:1

Annotations:
D:11 2 transporters, Goucsema's ghost, novice FoHu
Shoals:3 Ilsuiw


Innate Abilities, Weirdness & Mutations

You have a pair of horns on your head.
You reflexively headbutt those who attack you in melee.


Message History

The bolt of acid hits the plant!!
The acid corrodes the plant!
The plant begins to die.
The plant is lightly damaged.
You feel sick. The harpy closely misses you. You furiously retaliate!
You headbutt the harpy!!
You kill the harpy!
Trog accepts your kill. The harpy claws you but does no damage.
You block the harpy's attack. x3
The water elemental hits you.
The water elemental engulfs you in water!
The merfolk siren chants its luring song.
The harpy closely misses you. x2; The water elemental hits you!
* * * LOW HITPOINT WARNING * * *
The merfolk barely misses you. You block Ilsuiw's attack.
You block the snapping turtle's attack.
The merfolk javelineer throws a javelin.
The javelin pierces through you.
* * * LOW HITPOINT WARNING * * *
The javelin pierces through the harpy!!
The harpy dies!
Unknown command.
Unknown command.
Unknown command.
Unknown command.
You feel much better.
* * * LOW HITPOINT WARNING * * *
Your lungs strain for air!
You feel sick.
The harpy screeches!
You block the harpy's attack. The harpy claws you.
* * * LOW HITPOINT WARNING * * *
You block the harpy's attack. The harpy claws you but does no damage.
The water elemental hits you.
The merfolk siren chants its luring song.
The water elemental hits you.
* * * LOW HITPOINT WARNING * * *
Ilsuiw hits you but does no damage.
The merfolk hits you but does no damage.
The snapping turtle bites you from afar!
You die...

≈≈≈≈≈≈≈≈≈≈..##.
≈≈≈≈≈≈≈≈≈≈≈≈...
......≈≈≈≈≈≈≈≈≈≈≈≈≈≈...
#......≈≈≈≈≈≈≈≈≈≈≈≈≈≈≈..
#.....≈≈≈≈≈≈≈..≈.≈≈≈≈≈..
.......≈≈≈.≈.P..H≈.P≈≈..
......≈≈≈P.....†..P.≈...
.....≈≈≈≈..P...m@E..≈...
....≈≈≈≈.≈...P.HE)t.≈≈≈≈
...≈≈≈≈≈).......cmm.P.≈≈
...≈≈()≈)).......)...≈≈≈
...≈≈≈≈†)...........mP≈≈
...≈≈≈≈))).........P.≈≈≈
≈≈≈≈≈≈≈≈.≈..P..P....≈.≈≈
≈≈≈≈≈≈≈..≈.......PP..≈≈≈
≈≈≈≈≈......†.......≈≈≈≈≈


You could see Ilsuiw (invisible, corroded), a merfolk javelineer, a snapping
turtle, a merfolk, a faun, 2 water elementals, a merfolk siren (mesmerising) and
2 harpies.

Vanquished Creatures
  Bai Suzhen (Snake:3)
  Frances (Snake:1)
  Polyphemus (Shoals:3)
  Agnes (Snake:1)
  2 nagarajas (Snake:4)
  An orc warlord (Orc:2)
  A frost giant (D:12)
  A very ugly thing (Shoals:1)
  The ghost of Deukiw the Imperceptible, a journeyman SpEn of Gozag (D:13)
  Snorg (Lair:4)
  An ettin (D:12)
  A merfolk javelineer (Shoals:3)
  5 vault guards (D:14)
  Josephine (Lair:5)
  A salamander tyrant (Snake:4)
  7 boulder beetles
  2 naga warriors (Snake:1)
  A merfolk avatar (Shoals:2)
  13 hydras
  2 catoblepae
  The ghost of DemonSlayer the Eclecticist, a journeyman DEWz of Nemelex Xobeh (Orc:2)
  Erica (D:9)
  2 centaur warriors
  An ogre mage (D:14)
  An alligator snapping turtle (Shoals:1)
  11 two-headed ogres
  2 death knights
  3 tengu warriors
  Urug (Lair:1)
  2 death yaks (Shoals:3)
  4 orc high priests
  A naga sharpshooter (Snake:1)
  A shock serpent (Snake:1)
  A fire crab (Lair:6)
  2 salamander mystics
  3 sea snakes
  A goliath frog (Lair:6)
  Pikel (D:4)
  A harpy (Shoals:3)
  A wizard (D:14)
  2 phantasmal warriors
  An orc knight (Orc:2)
  23 ugly things
  2 deep elf pyromancers
  11 orc sorcerers
  A mana viper (Snake:4)
  8 manticores
  3 salamanders (Snake:3)
  7 cyclopes
  A merfolk siren (Lair:4)
  14 black mambas
  28 elephants
  A guardian serpent (Snake:2)
  A water nymph (Shoals:3)
  3 naga magi
  25 cane toads
  A gargoyle (D:12)
  A rime drake (Lair:5)
  2 kobold demonologists (D:12)
  Psyche (D:8)
  An efreet (D:13)
  7 freezing wraiths
  13 komodo dragons
  9 trolls
  2 tyrant leeches (Lair:6)
  3 meliai (D:14)
  A polar bear (Lair:4)
  A hornet (shapeshifter) (D:14)
  A hornet (D:12)
  Prince Ribbit (D:7)
  Grinder (D:6)
  9 merfolk
  4 dream sheep (Shoals:3)
  20 blink frogs
  5 slime creatures
  A snapping turtle (Shoals:3)
  Sigmund (D:4)
  A culicivora (shapeshifter) (D:12)
  2 wyverns
  39 yaks
  A human (D:14)
  3 shadows
  11 wraiths
  A vampire (D:12)
  3 fire bats (Lair:4)
  A steam dragon (Lair:3)
  Grum (Lair:1)
  8 basilisks
  13 vampire mosquitoes
  9 nagas
  3 wargs
  3 acid dragons
  Duvessa (D:7)
  20 water moccasins
  27 orc warriors
  5 black bears
  2 necrophages
  A sky beast (D:6)
  29 wolves
  15 centaurs
  8 ogres
  A phantom (D:5)
  A gnoll sergeant (D:10)
  A kobold brigand (D:8)
  19 bullfrogs
  A scorpion (D:3)
  Dowan (D:7)
  A spectral ogre (Orc:2)
  6 electric eels
  6 howler monkeys
  2 centaur zombies
  2 bullfrog zombies (D:6)
  10 orc priests
  2 jellies
  2 hounds
  A centaur skeleton (D:6)
  2 iguanas (D:7)
  A warg simulacrum (Orc:2)
  17 orc wizards
  A killer bee zombie (D:5)
  2 mummies (Ossuary)
  A hound skeleton (D:4)
  7 adders
  14 gnolls
  A howler monkey skeleton (D:5)
  A white imp (D:5)
  2 ufetubi (D:6)
  5 orc simulacra (Orc:2)
  2 worms
  4 dart slugs
  56 orcs
  5 ball pythons
  6 bats (D:1)
  7 endoplasms
  5 giant cockroaches
  7 goblins
  2 hobgoblins
  13 jackals
  6 quokkas
  4 frilled lizards (D:2)
  A gnoll zombie (Ossuary)
  5 goblin zombies
  4 hobgoblin zombies (Ossuary)
  12 kobolds
  5 orc zombies (Ossuary)
  7 rats
  2 spectral orcs
  A bush (Lair:6)
773 creatures vanquished.

Vanquished Creatures (others)
  A harpy (Shoals:3)
  A gnoll sergeant (D:7)
  59 fungi
  182 plants
243 creatures vanquished.

Grand Total: 1016 creatures vanquished

Notes
Turn   | Place    | Note
-------+----------+-------------------------------------------
     0 | D:1      | browni3141 the Minotaur Berserker began the quest for the
                  | Orb.
     0 | D:1      | Reached XP level 1. HP: 19/19 MP: 0/0
   105 | D:1      | Reached XP level 2. HP: 26/27 MP: 1/1
   759 | D:1      | Reached ** piety under Trog
   806 | D:1      | Reached XP level 3. HP: 22/33 MP: 2/2
  1172 | D:2      | Found Ujuad's General Store.
  1174 | D:2      | Reached XP level 4. HP: 18/41 MP: 3/3
  1526 | D:2      | Found Niubin's Assorted Antiques.
  1533 | D:2      | Found Ypreurib's Distillery.
  1546 | D:2      | Bought a potion of curing for 33 gold pieces
  1652 | D:2      | Found Enashropo's Antique Armour Shoppe.
  1727 | D:2      | Found a faded altar of an unknown god.
  2564 | D:3      | Reached skill level 5 in Fighting
  2564 | D:3      | Reached XP level 5. HP: 46/48 MP: 4/4
  2656 | D:3      | Reached skill level 5 in Axes
  3483 | D:4      | Noticed a lemure
  3485 | D:4      | Noticed Pikel
  3518 | D:4      | Killed Pikel
  3519 | D:4      | Reached XP level 6. HP: 58/58 MP: 5/5
  3519 | D:4      | Reached XP level 7. HP: 64/64 MP: 6/6
  3651 | D:4      | Noticed Sigmund
  3657 | D:4      | Found a hide-covered altar of Uskayaw.
  3663 | D:4      | Killed Sigmund
  4502 | D:4      | Identified the +5 chain mail "Lorusu" {rElec Int-3 Dex+7}
  4703 | D:5      | Entered Level 5 of the Dungeon
  4714 | D:5      | Reached XP level 8. HP: 65/73 MP: 7/7
  4741 | D:5      | Reached *** piety under Trog
  5165 | D:5      | Noticed a two-headed ogre
  5172 | D:5      | Killed a two-headed ogre
  5270 | D:5      | Found a burning altar of Makhleb.
  5608 | D:5      | Found a stormy altar of Qazlal.
  5767 | D:6      | Found a shimmering blue altar of Sif Muna.
  5779 | D:6      | Identified the ring "Ixkotrou" {rN+ Dex+2 SInv Stlth+}
  5793 | D:6      | Reached XP level 9. HP: 31/82 MP: 8/8
  6119 | D:6      | Found a staircase to the Ecumenical Temple.
  6487 | D:6      | Noticed Grinder
  6500 | D:6      | Paralysed by Grinder for 5 turns
  6507 | D:6      | Killed Grinder
  6967 | D:7      | Noticed Prince Ribbit
  6976 | D:7      | Killed Prince Ribbit
  6977 | D:7      | Reached skill level 10 in Axes
  6982 | D:7      | Reached skill level 10 in Fighting
  7202 | D:7      | Found a sand-covered staircase.
  7210 | Ossuary  | Entered an ossuary
  7407 | D:7      | Noticed Duvessa
  7409 | D:7      | Noticed Dowan
  7416 | D:7      | Killed Dowan
  7417 | D:7      | Reached skill level 1 in Shields
  7424 | D:7      | Killed Duvessa
  7499 | D:7      | Reached skill level 2 in Shields
  7753 | D:8      | Found Zin's Purification Station.
  7758 | D:8      | Found a glowing silver altar of Zin.
  7846 | D:8      | Reached skill level 3 in Shields
  7863 | D:8      | Reached skill level 10 in Armour
  7885 | D:8      | Noticed Psyche
  7896 | D:8      | Killed Psyche
  7897 | D:8      | Reached XP level 10. HP: 94/94 MP: 9/9
  7952 | D:8      | Found a radiant altar of Vehumet.
  8002 | D:8      | Found a hazy altar of Hepliaklqana.
  8137 | D:8      | Reached skill level 4 in Shields
  8280 | D:8      | Reached **** piety under Trog
  8631 | D:9      | Found an opulent altar of Gozag.
  8675 | D:9      | Noticed Erica
  8702 | D:9      | Killed Erica
  8703 | D:9      | Reached skill level 5 in Shields
  8840 | D:9      | Found a white marble altar of Elyvilon.
  8842 | D:9      | Noticed a two-headed ogre
  8849 | D:9      | Killed a two-headed ogre
  8850 | D:9      | Reached skill level 6 in Shields
  8939 | D:9      | Reached skill level 7 in Shields
  9047 | D:9      | Reached skill level 8 in Shields
  9053 | D:9      | Reached skill level 9 in Shields
  9176 | D:9      | Found a basalt altar of Yredelemnul.
  9404 | D:10     | Entered Level 10 of the Dungeon
  9576 | D:10     | Noticed a two-headed ogre
  9582 | D:10     | Killed a two-headed ogre
  9583 | D:10     | Reached skill level 10 in Shields
  9635 | D:10     | Noticed a two-headed ogre
  9643 | D:10     | Killed a two-headed ogre
  9644 | D:10     | Reached XP level 11. HP: 101/101 MP: 10/10
  9710 | D:10     | Reached skill level 11 in Shields
  9721 | D:10     | Found a staircase to the Lair.
  9770 | D:10     | Reached skill level 12 in Shields
  9971 | D:10     | Found a sparkling altar of Nemelex Xobeh.
  9976 | D:10     | Found an ancient bone altar of Kikubaaqudgha.
 10257 | Lair:1   | Entered Level 1 of the Lair of Beasts
 10348 | Lair:1   | Reached skill level 13 in Shields
 10394 | Lair:1   | Identified the +3 chain mail of Jalutud {rF+ Int+6}
 10669 | Lair:1   | Noticed Urug
 10683 | Lair:1   | Killed Urug
 10898 | Lair:1   | Reached skill level 14 in Shields
 10924 | Lair:1   | Noticed Grum
 10942 | Lair:1   | Killed Grum
 11500 | Lair:2   | Reached skill level 15 in Shields
 11502 | Lair:2   | Reached ***** piety under Trog
 11676 | Lair:2   | Noticed a four-headed hydra
 11688 | Lair:2   | Killed a 13-headed hydra
 11875 | Lair:2   | Reached XP level 12. HP: 104/108 MP: 11/11
 11961 | Lair:2   | Reached skill level 16 in Shields
 12837 | Lair:3   | Found a staircase to the Snake Pit.
 13016 | Lair:3   | Reached skill level 17 in Shields
 13554 | Lair:4   | Found a staircase to the Shoals.
 13598 | Lair:4   | Noticed Snorg
 13608 | Lair:4   | Killed Snorg
 13608 | Lair:4   | Received a gift from Trog
 13825 | Lair:4   | Reached XP level 13. HP: 116/116 MP: 12/12
 14056 | Lair:4   | Reached skill level 18 in Shields
 14785 | Lair:5   | Noticed Josephine
 14796 | Lair:5   | Killed Josephine
 14934 | Lair:5   | Found a staircase to the Slime Pits.
 14934 | Lair:5   | Found a viscous altar of Jiyva.
 15142 | Lair:5   | Reached skill level 1 in Evocations
 15474 | Lair:6   | Entered Level 6 of the Lair of Beasts
 16075 | Lair:6   | Reached XP level 14. HP: 105/127 MP: 13/13
 16175 | Lair:6   | Reached skill level 19 in Shields
 16347 | Lair:6   | Received a gift from Trog
 16416 | Lair:6   | Identified the +2 leather armour "Iluenogg" {+Blink Str+4}
 17996 | D:11     | Reached skill level 15 in Axes
 18037 | D:11     | Noticed Goucsema's ghost (novice FoHu)
 18043 | D:11     | Found a bloodstained altar of Trog.
 18050 | D:11     | Found a transporter.
 18058 | D:11     | Found a transporter.
 18105 | D:11     | Found a staircase to the Orcish Mines.
 18381 | D:12     | Reached skill level 5 in Evocations
 18422 | Orc:1    | Entered Level 1 of the Orcish Mines
 18753 | Orc:1    | Found Mutzong's Weapon Shoppe.
 18916 | Orc:2    | Entered Level 2 of the Orcish Mines
 18916 | Orc:2    | Found Geqawi's Assorted Antiques.
 18918 | Orc:2    | Noticed an orc warlord
 19036 | Orc:1    | Reached ****** piety under Trog
 19285 | Orc:1    | Identified the +8 spear "Pounwago" {vorpal, rPois rF+ rC+
                  | Str+3} (Trog gifted it to you on level 1 of the Orcish
                  | Mines)
 19285 | Orc:1    | Received a gift from Trog
 20017 | Orc:2    | Found Peell's General Store.
 20035 | Orc:2    | Killed an orc warlord
 20051 | Orc:2    | Paralysed by an orc sorcerer for 5 turns
 20463 | Orc:2    | Found a runed translucent gate.
 20463 | Orc:2    | Found a runed translucent gate.
 20465 | Orc:2    | Found Voxajugi's Antique Weapon Emporium.
 20494 | Orc:2    | Found a runed translucent gate.
 20677 | Orc:2    | Found Yschoh Arhall's Antique Armour Shoppe.
 20715 | Orc:2    | Found a staircase to the Elven Halls.
 20835 | Orc:2    | Bought an ancient hat for 243 gold pieces
 20835 | Orc:2    | Identified the +1 hat of the Eight Boll Weevils {Rampage
                  | Str-2 Dex+3} (You bought it in a shop on level 2 of the
                  | Orcish Mines)
 20835 | Orc:2    | Bought a spiked plate armour for 756 gold pieces
 20835 | Orc:2    | Identified the +5 plate armour of Nemelex Xobeh {Str+7
                  | Int-3} (You bought it in a shop on level 2 of the Orcish
                  | Mines)
 20868 | Orc:2    | Found Cudag's Book Shoppe.
 20987 | Orc:2    | Noticed DemonSlayer's ghost (journeyman DEWz)
 21008 | Orc:2    | Killed DemonSlayer's ghost
 21009 | Orc:2    | Reached XP level 15. HP: 136/136 MP: 14/14
 21336 | D:12     | Reached skill level 20 in Shields
 22230 | D:12     | Noticed a frost giant
 22279 | D:12     | Killed a frost giant
 22279 | D:12     | Received a gift from Trog
 23266 | D:13     | Found a runed translucent gate.
 23266 | D:13     | Found a runed translucent gate.
 23266 | D:13     | Found a runed translucent gate.
 23267 | D:13     | Noticed Deukiw's ghost (journeyman SpEn)
 23322 | D:13     | Killed Deukiw's ghost
 23552 | D:13     | Found Iroz's General Store.
 23561 | D:13     | Bought a scroll of blinking for 97 gold pieces
 24735 | D:14     | Reached skill level 21 in Shields
 25257 | D:14     | Found a gate to the Vaults.
 25262 | D:14     | Reached XP level 16. HP: 128/147 MP: 15/15
 25382 | D:14     | Received a gift from Trog
 26034 | Snake:1  | Entered Level 1 of the Snake Pit
 26162 | Snake:1  | Noticed Frances
 26181 | Snake:1  | Killed Frances
 26324 | Snake:1  | Noticed Agnes
 26336 | Snake:1  | Killed Agnes
 26713 | Snake:3  | Noticed Bai Suzhen
 26730 | Snake:3  | Killed Bai Suzhen
 26731 | Snake:3  | Reached skill level 15 in Fighting
 26731 | Snake:3  | Reached skill level 22 in Shields
 26850 | Snake:4  | Entered Level 4 of the Snake Pit
 26873 | Snake:4  | Got a serpentine rune of Zot
 27175 | Snake:4  | Reached skill level 15 in Armour
 27513 | Shoals:1 | Entered Level 1 of the Shoals
 27545 | Shoals:1 | Found a frozen archway.
 28071 | Shoals:3 | Noticed Polyphemus
 28087 | Shoals:3 | Killed Polyphemus
 28370 | Shoals:3 | Noticed Ilsuiw
 28388 | Shoals:3 | HP: 6/151 [merfolk javelineer/javelin (6)]
 28389 | Shoals:3 | Mangled by a snapping turtle

Illustrated notes

Levels and vault maps discovered:
D:1:      erik_arrival_orb_chamber, layout_basic, minmay_door_square,
          st_stairs_3
D:2:      layout_basic, serial_shops, nicolae_shop_crystal, shop, shop,
          nicolae_shop_stone, shapermc_ecumenical_altar_totnotflames,
          kennysheep_generic_room_4
D:3:      layout_loops_cross, minmay_misc_feat_diagonals
D:4:      layout_basic, eat_drink_and_be_merry_uskayaw, uniq_pikel, uniq_sigmund
D:5:      layout_cave_pods, old_standard_altar, nicolae_qazlal_eye_of_the_storm,
          nicolae_fountain_basement
D:6:      layout_basic, nicolae_sif_muna_condensation,
          minmay_temple_entry_overgrown, uniq_grinder
D:7:      layout_cave_pools, enter_ossuary_4, uniq_duvessa, uniq_prince_ribbit1
D:8:      layout_loops_ring, nicolae_vehumet_altar_sigil,
          nicolae_hepliaklqana_hippocampus, zin_purify, uniq_psyche
D:9:      layout_rooms, yredelemnul_forgotten_temple_becter, elyvilon_altar_3,
          grunt_gozag_breadcrumbs, uniq_erica
D:10:     layout_irregular_city, mainiacjoe_overflow_big_doors,
          due_lair_maze_entry_diamond, serial_bayou, serial_bayou_pond_c,
          serial_bayou_shore_b, serial_bayou_pond_c, minmay_misc_feat_x
D:11:     layout_small_grid, minmay_orc_entry_temple_small,
          gammafunk_ghost_wrathful_warriors, serial_bayou_pond_a
D:12:     minmay_nested_s, layout_loops_ring
D:13:     layout_irregular_city, serial_shops, nicolae_shop_trees,
          gammafunk_ghost_spectres
D:14:     layout_irregular_city, grunt_vaults_entry_fortified, minivault_19
Lair:1:   layout_regular_city, beast_lair_carwin_8, uniq_urug, uniq_grum
Lair:2:   layout_chaotic_city
Lair:3:   layout_gridlike, guppyfry_snake_entry_island
Lair:4:   layout_regular_city, elwin_shoals_entry_stream,
          nicolae_volcano_entry_batcave, gauntlet_entry_generic,
          beast_lair_carwin_9, infiniplex_staircase_pool, lemuel_fruit_tree,
          uniq_snorg
Lair:5:   layout_misc_corridors, slime_altar_1, uniq_josephine
Lair:6:   minmay_lair_end_frog_pond, layout_cave_pods, st_stairs_9,
          serial_bayou_shore_a
Shoals:1: layout_shoals, portal_ice_cave_entry_ugly_swarm
Shoals:2: layout_shoals, nicolae_shoals_cliffside_cave,
          nicolae_shoals_hunting_party
Shoals:3: layout_shoals, nicolae_shoals_shepherds, uniq_ilsuiw, uniq_polyphemus
Snake:1:  layout_onion, grunt_ministairs_1, hangedman_venom_bottle, uniq_agnes,
          uniq_frances
Snake:2:  kennysheep_snake, layout_chambers, uniq_vashnia, uniq_jorgrun
Snake:3:  layout_cave_town, basic_altar, serial_shops, shop, nicolae_shop_trees,
          nicolae_square_shop, shop, uniq_bai_suzhen
Snake:4:  grunt_snake_rune_spirals, layout_onion, uniq_donald
Orc:1:    layout_caves, serial_shops, nicolae_shop_bloodbath_and_beyond
Orc:2:    grunt_orc_gardens, layout_caves, grunt_orc_garden, grunt_orc_garden,
          grunt_orc_garden, grunt_orc_garden, serial_shops, shop,
          gammafunk_ghost_necromancy

Skill      XL: |  1  2  3  4  5  6  7  8  9 10 11 12 13 14 15 16 |
---------------+-------------------------------------------------+-----
Fighting       | 4 5 6 7 8 10 11 12 13 14 15 | 15.8
Axes           | 4 6 7 9 10 12 14 15 16 | 16.0
Armour         | 3 4 6 8 10 11 12 13 14 15 | 15.6
Shields        | 3 10 15 17 18 19 21 22 | 22.9
Evocations     | 3 6 8 |  8.0
Dodging        | |  2.1

Action                   |  1- 3 |  4- 6 |  7- 9 | 10-12 | 13-15 | 16-18 || total
-------------------------+-------+-------+-------+-------+-------+-------++-------
Melee: Hand axe          |    68 |    99 |    82 |       |       |       ||   249
       Headbutt          |     9 |    12 |    48 |   110 |   276 |    94 ||   549
       War axe           |       |       |   131 |   489 |  1120 |   350 ||  2090
       Punch             |       |       |     2 |       |       |       ||     2
       Battleaxe         |       |       |    30 |       |       |       ||    30
       Unarmed           |       |       |     3 |     8 |       |       ||    11
Throw: Throwing net      |       |       |     1 |       |       |       ||     1
Invok: Berserk           |     1 |     1 |     6 |    16 |    24 |    10 ||    58
       Trog's Hand       |       |       |     2 |     1 |     5 |     3 ||    11
       Brothers in Arms  |       |       |       |       |     1 |     1 ||     2
Evoke: Wand              |       |       |       |       |     7 |     1 ||     8
  Use: Potion            |       |       |       |     1 |     1 |     7 ||     9
       Scroll            |       |       |       |       |    27 |     5 ||    32
 Stab: Sleeping          |     1 |     1 |     1 |       |       |       ||     3
       Petrified         |       |       |       |       |     2 |       ||     2
       Paralysed         |       |       |       |       |     3 |       ||     3
Armor: Animal skin       |    11 |    15 |     4 |       |       |       ||    30
       Chain mail        |       |       |   145 |   292 |   363 |       ||   800
       Plate armour      |       |       |       |       |   188 |   146 ||   334
Dodge: Dodged            |    64 |    71 |   128 |   153 |   284 |   111 ||   811
       Repelled          |       |       |       |       |     2 |     5 ||     7
Block: Kite shield       |       |       |    36 |    18 |       |       ||    54
       Tower shield      |       |       |       |   573 |  1275 |   385 ||  2233
